[Event "10th Cesme Open-B 2024"]
[Site "Cesme"]
[Date "2024.06.27"]
[Round "5"]
[White "Korkmaz, Necmettin"]
[Black "Masiya, Mfundo"]
[Result "1-0"]
[ECO "D93"]
[WhiteElo "1999"]
[BlackElo "1971"]
[Annotator "RC"]
[PlyCount "55"]
[EventDate "2024.06.23"]
[EventType "swiss"]
[EventCountry "TUR"]
[SourceTitle "playchess.com"]
[Source "ChessBase"]
[SourceQuality "1"]
[TimeControl "5400+30"]

1. d4 Nf6 2. c4 g6 3. Nc3 d5 4. Nf3 Bg7 5. Bf4 O-O 6. Rc1 c6 7. e3 Be6 8. Ng5 Bf5 9. Be2 h6 10. Nf3 Nbd7 11. cxd5 cxd5 12. O-O Rc8 13. Qb3 Qb6 14. Qa3 Rfe8 15. Ne5 g5 16. Bg3 e6 17. Nb5 Bf8 18. Nxd7 Nxd7 19. Qb3 Qa5 20. Bc7 Nb6 21. Rfd1 Re7 22. Bxb6 Qd2 23. Rxd2 Rxc1+ 24. Rd1 Rxd1+ 25. Qxd1 axb6 26. Bd3 Re8 27. Bxf5 exf5 28. g3 1-0

[Event "10th Cesme Open-B 2024"]
[Site "Cesme"]
[Date "2024.06.27"]
[Round "5"]
[White "Atis, Hasan"]
[Black "Hamurcu, Mehmet"]
[Result "1-0"]
[ECO "B45"]
[WhiteElo "1988"]
[BlackElo "1866"]
[Annotator "RC"]
[PlyCount "50"]
[EventDate "2024.06.23"]
[EventType "swiss"]
[EventCountry "TUR"]
[SourceTitle "playchess.com"]
[Source "ChessBase"]
[SourceQuality "1"]
[TimeControl "5400+30"]

1. e4 c5 2. Nf3 e6 3. d4 cxd4 4. Nxd4 Nf6 5. Nc3 Nc6 6. Qd3 Bb4 7. Bd2 d5 8. exd5 exd5 9. O-O-O O-O 10. Nb3 Be6 11. a3 Bxc3 12. Bxc3 Ne4 13. Be1 Qb6 14. Qb5 Qc7 15. f3 a6 16. Qe2 Nd6 17. Bg3 Rac8 18. Qf2 Ne7 19. Bd3 Nef5 20. Be5 d4 21. Nxd4 Qc5 22. Rhe1 Nb5 23. Bxb5 axb5 24. g4 Bb3 25. Rd2 Rfe8 1-0

[Event "10th Cesme Open-B 2024"]
[Site "Cesme"]
[Date "2024.06.27"]
[Round "5"]
[White "Rzayev, Askar Aliakbar"]
[Black "Ilgaz, Yusuf Kerem"]
[Result "1-0"]
[ECO "A17"]
[WhiteElo "1967"]
[BlackElo "1966"]
[Annotator "RC"]
[PlyCount "84"]
[EventDate "2024.06.23"]
[EventType "swiss"]
[EventCountry "TUR"]
[SourceTitle "playchess.com"]
[Source "ChessBase"]
[SourceQuality "1"]
[TimeControl "5400+30"]

1. Nf3 d5 2. c4 e6 3. e3 Nf6 4. Nc3 c5 5. cxd5 exd5 6. d4 c4 7. Ne5 Bd6 8. b3 cxb3 9. Qxb3 O-O 10. Be2 Nc6 11. f4 a6 12. O-O Na5 13. Qd1 b5 14. Bf3 Bb7 15. Bd2 Rc8 16. Ne2 Ne4 17. Bxa5 Qxa5 18. Bxe4 dxe4 19. f5 Qa3 20. Nf4 Qxe3+ 21. Kh1 f6 22. Ng4 Qc3 23. Ne6 Rf7 24. Qe2 Qc2 25. Qe1 h5 26. Ne3 Qc3 27. Qf2 Bb4 28. Rad1 h4 29. Qf4 Bd6 30. Qxd6 Qxe3 31. Nd8 h3 32. Nxf7 hxg2+ 33. Kxg2 Rc2+ 34. Kh1 Qe2 35. Qb8+ Bc8 36. Qg3 Kxf7 37. Rde1 Qd2 38. Rg1 Qh6 39. Rg2 Rc4 40. Reg1 Bxf5 41. Qd6 g5 42. Rxg5 Qh7 1-0

[Event "10th Cesme Open-B 2024"]
[Site "Cesme"]
[Date "2024.06.27"]
[Round "5"]
[White "Kocakaplan, Emre"]
[Black "Yildiz, Talat"]
[Result "0-1"]
[ECO "E11"]
[WhiteElo "1944"]
[BlackElo "1891"]
[Annotator "RC"]
[PlyCount "88"]
[EventDate "2024.06.23"]
[EventType "swiss"]
[EventCountry "TUR"]
[SourceTitle "playchess.com"]
[Source "ChessBase"]
[SourceQuality "1"]
[TimeControl "5400+30"]

1. d4 Nf6 2. Nf3 d5 3. c4 e6 4. g3 Bb4+ 5. Bd2 Be7 6. Bg2 O-O 7. Qc2 c6 8. O-O Nbd7 9. Bf4 b6 10. Ne5 Nxe5 11. Bxe5 Ba6 12. Nd2 Ng4 13. Bf4 Qd7 14. h3 Nf6 15. Nf3 Rfc8 16. Ne5 Qe8 17. Qb3 Nh5 18. cxd5 Nxf4 19. gxf4 cxd5 20. f5 Qb5 21. Qg3 exf5 22. a4 Qa5 23. Qf3 Bb7 24. Qxf5 Bf6 25. Ra3 Re8 26. Rg3 Bxe5 27. dxe5 Qxa4 28. Rc1 Rac8 29. Rxc8 Bxc8 30. Qf6 g6 31. Ra3 Qd1+ 32. Kh2 Qxe2 33. Rxa7 Be6 34. b4 d4 35. f4 Bd5 36. Qg5 h6 37. Qg3 d3 38. Rd7 d2 39. Rxd5 d1=Q 40. Qh4 Qed2 41. b5 g5 42. fxg5 Qxg5 43. Qxg5+ hxg5 44. Kg3 Rxe5 0-1

[Event "10th Cesme Open-B 2024"]
[Site "Cesme"]
[Date "2024.06.27"]
[Round "5"]
[White "Tezcan, Alper"]
[Black "Selvi, Kaan"]
[Result "1-0"]
[ECO "B34"]
[WhiteElo "1936"]
[BlackElo "1871"]
[Annotator "RC"]
[PlyCount "99"]
[EventDate "2024.06.23"]
[EventType "swiss"]
[EventCountry "TUR"]
[SourceTitle "playchess.com"]
[Source "ChessBase"]
[SourceQuality "1"]
[TimeControl "5400+30"]

1. e4 c5 2. Nf3 Nc6 3. d4 cxd4 4. Nxd4 Nf6 5. Nc3 g6 6. Nxc6 dxc6 7. Qxd8+ Kxd8 8. Bf4 Be6 9. O-O-O+ Ke8 10. f3 h5 11. Kb1 Bh6 12. Be5 Kf8 13. Na4 Be3 14. b3 b5 15. Nb2 Kg7 16. Be2 Rhd8 17. Nd3 Bd4 18. Bxd4 Rxd4 19. c3 Rdd8 20. h4 a5 21. Nc5 Nd7 22. Nxe6+ fxe6 23. Rd2 Nc5 24. Rhd1 Rxd2 25. Rxd2 Kf6 26. b4 Na4 27. Kc2 Nb6 28. Kb3 a4+ 29. Kc2 g5 30. hxg5+ Kxg5 31. c4 bxc4 32. Kc3 Kf4 33. Bxc4 Ke5 34. g3 Rf8 35. f4+ Kxe4 36. Bxe6 Nd5+ 37. Bxd5+ cxd5 38. Rd4+ Kf3 39. Rxd5 Kxg3 40. Rxh5 Kxf4 41. b5 e5 42. Rh4+ Kf3 43. Rxa4 e4 44. Ra7 e3 45. Re7 e2 46. a4 Kf2 47. b6 Rf3+ 48. Kd2 Rb3 49. Rxe2+ Kf3 50. Re6 1-0

[Event "10th Cesme Open-B 2024"]
[Site "Cesme"]
[Date "2024.06.27"]
[Round "5"]
[White "Uzdemir, Ali Poyraz"]
[Black "Akyuz, Kerem Arhan"]
[Result "1-0"]
[ECO "B15"]
[WhiteElo "1936"]
[BlackElo "1789"]
[Annotator "RC"]
[PlyCount "71"]
[EventDate "2024.06.23"]
[EventType "swiss"]
[EventCountry "TUR"]
[SourceTitle "playchess.com"]
[Source "ChessBase"]
[SourceQuality "1"]
[TimeControl "5400+30"]

1. e4 c6 2. d4 d5 3. Nc3 dxe4 4. Nxe4 Nf6 5. Nxf6+ exf6 6. c3 Bd6 7. Bd3 O-O 8. Qc2 Re8+ 9. Ne2 h5 10. O-O Nd7 11. Bf4 Nf8 12. Bxd6 Qxd6 13. Rad1 Be6 14. c4 Rad8 15. Nc3 Qxd4 16. Bh7+ Nxh7 17. Rxd4 Rxd4 18. b3 Red8 19. Rd1 Ng5 20. Rxd4 Rxd4 21. f3 g6 22. Ne2 Rd7 23. Qc3 Kg7 24. h4 Nh7 25. Ng3 c5 26. Ne4 b6 27. Qe3 Rd4 28. Nc3 Nf8 29. Nb5 Rd1+ 30. Kh2 a6 31. Nc7 Rd7 32. Ne8+ Kh7 33. Nxf6+ Kg7 34. Qe5 Kh6 35. Qg5+ Kg7 36. Ne8+ 1-0

[Event "10th Cesme Open-B 2024"]
[Site "Cesme"]
[Date "2024.06.27"]
[Round "5"]
[White "Yasin, Hur"]
[Black "Sanan, Demirhan"]
[Result "0-1"]
[ECO "B75"]
[WhiteElo "1924"]
[BlackElo "1740"]
[Annotator "RC"]
[PlyCount "92"]
[EventDate "2024.06.23"]
[EventType "swiss"]
[EventCountry "TUR"]
[SourceTitle "playchess.com"]
[Source "ChessBase"]
[SourceQuality "1"]
[TimeControl "5400+30"]

1. e4 c5 2. Nf3 d6 3. d4 cxd4 4. Nxd4 Nf6 5. Nc3 g6 6. Be3 Bg7 7. f3 a6 8. Bc4 b5 9. Bb3 Bb7 10. Nd5 Nbd7 11. c3 O-O 12. Qd2 Nc5 13. Nxf6+ Bxf6 14. Bd5 Qd7 15. Ne2 Rad8 16. Rd1 e6 17. Bxb7 Qxb7 18. h4 h5 19. Bg5 Qe7 20. Qf4 Bxg5 21. hxg5 e5 22. Qh4 Ne6 23. g4 Nxg5 24. Rd3 d5 25. exd5 Rxd5 26. Re3 Qf6 27. gxh5 Rfd8 28. hxg6 fxg6 29. Kf2 Rd3 30. Ng1 R8d7 31. Rxd3 Rxd3 32. Ke2 Rd7 33. Qg4 Qd8 34. Kf2 Rf7 35. Kg3 Rf4 36. Qxf4 exf4+ 37. Kxf4 Ne6+ 38. Ke5 Qe7 39. Ke4 Nc5+ 40. Kd5 Nd3 41. Nh3 Qb7+ 42. Kd4 Qxf3 43. Rh2 Nf4 44. Ng5 Qg3 45. Rh7 Qxg5 46. Rb7 Qd5+ 0-1

[Event "10th Cesme Open-B 2024"]
[Site "Cesme"]
[Date "2024.06.27"]
[Round "5"]
[White "Hasirci, Ozgur Deniz"]
[Black "Turgut, Hakan"]
[Result "1/2-1/2"]
[ECO "B28"]
[WhiteElo "1903"]
[BlackElo "1979"]
[Annotator "RC"]
[PlyCount "103"]
[EventDate "2024.06.23"]
[EventType "swiss"]
[EventCountry "TUR"]
[SourceTitle "playchess.com"]
[Source "ChessBase"]
[SourceQuality "1"]
[TimeControl "5400+30"]

1. e4 c5 2. Nf3 a6 3. c4 Nc6 4. d4 cxd4 5. Nxd4 e5 6. Nf5 d5 7. cxd5 Bxf5 8. exf5 Nd4 9. Bd3 Nf6 10. O-O Qxd5 11. Nc3 Qd7 12. Re1 Nc6 13. Bf4 Bd6 14. Bg5 Be7 15. Qf3 O-O-O 16. Bxf6 gxf6 17. Be4 Nd4 18. Qd3 Kb8 19. Nd5 Nxf5 20. Rac1 Ng7 21. Qb3 Ne6 22. Nc7 b5 23. Nxa6+ Ka7 24. Red1 Nd4 25. Rxd4 Qxd4 26. Nc7 Qb4 27. Qxf7 Rd7 28. Qe6 Rd6 29. Nxb5+ Qxb5 30. Qxe7+ Rd7 31. Rc7+ Rxc7 32. Qxc7+ Ka6 33. a4 Qb3 34. Bc2 Qd5 35. a5 Qb7 36. Bd3+ Ka7 37. Qc5+ Kb8 38. Qd6+ Qc7 39. Qxf6 Rd8 40. Qf5 Qxa5 41. Qxh7 Qa1+ 42. Bf1 Qxb2 43. Qe4 Rd1 44. g3 Qb5 45. Qg2 e4 46. h4 Qe5 47. h5 e3 48. fxe3 Qxh5 49. Qb2+ Kc7 50. Qg7+ Kd6 51. Qf6+ Kd7 52. Qg7+ 1/2-1/2

[Event "10th Cesme Open-B 2024"]
[Site "Cesme"]
[Date "2024.06.27"]
[Round "5"]
[White "Buyuk, Eymen Eren"]
[Black "Akkara, Omer"]
[Result "1-0"]
[ECO "E60"]
[WhiteElo "1894"]
[BlackElo "1829"]
[Annotator "NA RC"]
[PlyCount "87"]
[EventDate "2024.06.23"]
[EventType "swiss"]
[EventCountry "TUR"]
[SourceTitle "playchess.com"]
[Source "ChessBase"]
[SourceQuality "1"]
[TimeControl "5400+30"]

1. d4 Nf6 2. c4 g6 3. h4 c5 4. d5 Bg7 5. Nc3 d6 6. e4 {[%emt 0:01:30] E60: King's Indian: Unusual lines and Fianchetto Variation without Nc3.} Nbd7 7. Be2 h5 8. Bg5 b5 9. cxb5 Qa5 10. Qd2 Qb4 11. a3 Qa5 12. Nf3 Ng4 13. O-O Nde5 14. Nxe5 Bxe5 15. f3 Nf6 16. Be3 Bd7 17. Qd3 Rb8 18. Rfb1 O-O 19. f4 c4 20. Qc2 Bxc3 21. bxc3 Bxb5 22. Rb4 Rfc8 23. Rab1 Ba4 24. Qd2 Rxb4 25. axb4 Qb5 26. Bf3 a5 27. e5 Ne8 28. Bd4 Ng7 29. exd6 exd6 30. Bxg7 Kxg7 31. f5 Qb6+ 32. Kh1 Re8 33. Ra1 axb4 34. fxg6 fxg6 35. Rxa4 b3 36. Ra1 Qe3 37. Qxe3 Rxe3 38. Rc1 Kf6 39. Kg1 Kf5 40. Kf2 Rd3 $14 41. Ke2 Rxc3 42. Rxc3 b2 43. Be4+ Kxe4 44. Rxc4+ 1-0

[Event "10th Cesme Open-B 2024"]
[Site "Cesme"]
[Date "2024.06.27"]
[Round "5"]
[White "Varyemez, Ali"]
[Black "Dirikolu, Deniz"]
[Result "0-1"]
[ECO "E11"]
[WhiteElo "1889"]
[BlackElo "1978"]
[Annotator "RC"]
[PlyCount "94"]
[EventDate "2024.06.23"]
[EventType "swiss"]
[EventCountry "TUR"]
[SourceTitle "playchess.com"]
[Source "ChessBase"]
[SourceQuality "1"]
[TimeControl "5400+30"]

1. d4 Nf6 2. c4 e6 3. Nf3 d5 4. g3 Bb4+ 5. Bd2 a5 6. Bg2 O-O 7. O-O dxc4 8. Qc2 Bxd2 9. Nbxd2 b5 10. a4 c6 11. e4 Na6 12. e5 Nb4 13. Qd1 Nfd5 14. Ne4 h6 15. Qe2 Ba6 16. axb5 cxb5 17. Rfd1 Nd3 18. Ne1 N5b4 19. Qg4 Kh8 20. Nxd3 Nxd3 21. Nc5 Ra7 22. Nxd3 cxd3 23. Rxd3 b4 24. Rd2 Bb7 25. Bxb7 Rxb7 26. d5 exd5 27. Rad1 Rd7 28. Qf3 Qa8 29. Rxd5 Rfd8 30. Rxd7 Qxf3 31. Rxd8+ Kh7 32. Re1 Qb3 33. Rd2 a4 34. Rc1 Qa2 35. Rcd1 b3 36. h4 a3 37. Re2 axb2 38. Ree1 Kg6 39. Kg2 Qa8+ 40. f3 Qc8 41. Rb1 Qc2+ 42. Kg1 Kf5 43. Rbd1 h5 44. Rb1 g5 45. hxg5 h4 46. gxh4 Kf4 47. g6 Kg3 0-1

[Event "10th Cesme Open-B 2024"]
[Site "Cesme"]
[Date "2024.06.27"]
[Round "5"]
[White "Akkaya, Atakan"]
[Black "Yildiz, Elif Zeren"]
[Result "1-0"]
[ECO "B51"]
[WhiteElo "1780"]
[BlackElo "1879"]
[Annotator "NA RC"]
[PlyCount "83"]
[EventDate "2024.06.23"]
[EventType "swiss"]
[EventCountry "TUR"]
[SourceTitle "playchess.com"]
[Source "ChessBase"]
[SourceQuality "1"]
[TimeControl "5400+30"]

1. e4 c5 2. Nf3 d6 3. Bb5+ Nd7 4. O-O a6 5. Bd3 e6 6. c3 {B51: Sicilian: Moscow Variation (3 Bb5+) without 3...Bd7.} Ngf6 7. Bc2 c4 8. Qe2 Qc7 9. b4 b5 10. a4 bxa4 11. Rxa4 Bb7 12. Ra5 Be7 13. d3 cxd3 14. Bxd3 Qc8 15. Nbd2 Nb6 16. Bb2 d5 17. e5 Nfd7 18. Rfa1 Nb8 19. Nd4 O-O 20. f4 g6 21. R5a2 Bd8 22. h3 N6d7 23. g4 Bb6 24. f5 $2 (24. N2f3 $16 {and life is bright.}) 24... Nc6 25. N2f3 Qc7 26. Re1 exf5 27. Bc1 fxg4 28. hxg4 f6 29. Kh1 Ndxe5 30. Ne6 Qd6 31. Nxf8 Nxf3 32. Qe6+ Qxe6 33. Rxe6 Nfe5 34. Nd7 Nxd7 35. b5 Nc5 36. bxc6 Bc8 $18 (36... Nxe6 $11 {and Black has nothing to worry.} 37. cxb7 Rb8 38. Bxa6 Kf7) 37. Re8+ Kf7 38. Rae2 Ra7 39. Rxc8 Nxd3 40. Ba3 Ne5 41. g5 Rc7 42. Rf8+ 1-0

[Event "10th Cesme Open-B 2024"]
[Site "Cesme"]
[Date "2024.06.27"]
[Round "5"]
[White "Gebes, Ata"]
[Black "Asgharvand, Davood"]
[Result "0-1"]
[ECO "B02"]
[WhiteElo "1774"]
[BlackElo "1881"]
[Annotator "NA RC"]
[PlyCount "58"]
[EventDate "2024.06.23"]
[EventType "swiss"]
[EventCountry "TUR"]
[SourceTitle "playchess.com"]
[Source "ChessBase"]
[SourceQuality "1"]
[TimeControl "5400+30"]

1. e4 Nf6 2. e5 Nd5 3. Nc3 e6 4. Nxd5 exd5 5. d4 d6 6. Nf3 Bg4 7. Be2 Be7 8. O-O O-O 9. b3 Nd7 10. Bb2 Re8 11. h3 Bh5 12. Re1 c6 13. Qd2 a5 14. a3 Bxf3 15. Bxf3 Bg5 16. Qc3 dxe5 17. dxe5 {[%emt 0:01:30] [#]} Nxe5 $17 18. Rxe5 Rxe5 19. Qxe5 Bf6 20. Qe2 Bxb2 21. Ra2 Bc3 22. a4 Qf8 23. Qd3 Qc5 24. Qe3 d4 25. Qd3 Re8 26. Qc4 Qf5 27. Qd3 Qf4 28. g3 Qc1+ 29. Kh2 Qb1 0-1